 Dungeon Crawl Stone Soup version 0.22.1-2-g9c5b331383 (webtiles) character file.

193 Naru the Poker (level 5, -4/47 HPs)
             Began as a Hill Orc Monk on Nov 13, 2018.
             Was a Believer of Beogh.
             Killed by divine providence
             ... invoked by an orc priest
              (15 damage)
             ... on level 4 of the Dungeon.
             The game lasted 00:07:33 (3650 turns).

Naru the Poker (Hill Orc Monk)                      Turns: 3650, Time: 00:07:35

Health: -4/47      AC:  8    Str: 15    XL:     5   Next: 72%
Magic:  5/5        EV:  7    Int: 10    God:    Beogh [**....]
Gold:   202        SH:  0    Dex: 13    Spells: 4/4 levels left

rFire    . . .     SeeInvis .   a - +0 trident
rCold    . . .     Gourm    .   (no shield)
rNeg     . . .     Faith    .   n - +0 chain mail (curse)
rPois    .         Spirit   .   (no helmet)
rElec    .         Reflect  .   (no cloak)
rCorr    .         Harm     .   (no gloves)
MR       .....                  (no boots)
Stlth    ..........             (no amulet)
HPRegen  0.15/turn              (no ring)
MPRegen  0.09/turn              (no ring)

@: no status effects
A: no striking features
a: Smiting, Renounce Religion


You were on level 4 of the Dungeon.
You worshipped Beogh.
Beogh was pleased with you.
You were not hungry.

You visited 1 branch of the dungeon, and saw 4 of its levels.

You collected 202 gold pieces.

Inventory:

Hand Weapons
 a - a +0 trident (weapon)
 b - a +0 hunting sling
 s - a +0 blowgun
Missiles
 d - 159 stones (quivered)
 g - 40 sling bullets
 p - 28 poisoned needles
 t - 58 bolts
Armour
 n - a cursed +0 chain mail (worn)
Jewellery
 f - an uncursed ring of see invisible {unknown}
 q - a cursed -2 ring of protection {unknown}
Scrolls
 j - a scroll of noise {unknown}
 k - a scroll of enchant armour {unknown}
 m - 3 scrolls of identify {unknown}
 u - 2 scrolls of magic mapping {unknown}
 w - 2 scrolls of teleportation {unknown}
 x - a scroll of remove curse {unknown}
 y - a scroll of amnesia {unknown}
Potions
 e - a potion of ambrosia {unknown}
 h - a potion of lignification {unknown}
 i - 3 potions of curing {unknown}
 l - 2 potions of heal wounds {unknown}
 o - 2 potions of cancellation {unknown}
 r - a potion of degeneration {unknown}
 v - a potion of invisibility
Comestibles
 c - 5 rations


   Skills:
 * Level 4.9 Fighting
 * Level 5.6 Polearms
 * Level 0.9 Slings
 + Level 2.8 Dodging
 - Level 1.5 Stealth


You had 4 spell levels left.
You didn't know any spells.
Your spell library contained the following spells:

 Spells                   Type           Power        Failure   Level  Hunger
 Beastly Appendage        Tmut           #.....       100%        1    ##.....
 Sticks to Snakes         Tmut           #.......     100%        2    ###....
 Spider Form              Tmut/Pois      #.........   100%        3    ####...
 Ice Form                 Ice/Tmut       #.......     100%        4    #####..
 Blade Hands              Tmut           #.........   100%        5    ######.


Dungeon Overview and Level Annotations

Branches:
Dungeon (4/15)
 Temple: D:4-7

Altars:
Ashenzari
Yredelemnul

Shops:
D:4 :


Message History

The orc is heavily wounded.
Something hits you but does no damage. The orc barely misses you.
You barely miss the orc.
The orc is heavily wounded.
You hear something call down the wrath of Beogh upon the orc.
The orc's wounds heal themselves!
The orc barely misses you.
You hit the orc but do no damage. Something hits you but does no damage.
The orc hits you but does no damage.
Your chain mail prevents you from hitting the orc.
Something hits you but does no damage. The orc hits you but does no damage.
You hit the orc.
The orc is almost dead.
Something hits you but does no damage. The orc barely misses you.
You puncture the orc!
You kill the orc!
Beogh accepts your kill.
You hear something invoke the aid of Beogh against you.
Beogh smites you!
You die...
Beogh appreciates something's killing of a heretic priest.

##############
#...........(.
#..[{)........ ###
#######.@##........ ..
....#.......###........
......#....................
......'..............##....
...# ######'###..##..# ....
...######...###..##... ...
...8.8.8.........#.... ..
....⌠.⌠..........'.....
...8.∩)8#....##..#.


There were no monsters in sight!

Vanquished Creatures
  An orc priest (D:3)
  An orc wizard (D:4)
  3 adders
  An adder zombie (D:2)
  A worm (D:3)
  A dart slug (D:1)
  3 leopard geckos
  5 orcs
  6 giant cockroaches
  5 goblins
  8 hobgoblins
  14 jackals
  8 kobolds
  3 quokkas (D:2)
  4 ball pythons
  8 bats
  5 frilled lizards
  4 rats
  A spectral orc (D:2)
82 creatures vanquished.

Vanquished Creatures (others)
  Terence (D:3)
  A ball python (D:3)
2 creatures vanquished.

Grand Total: 84 creatures vanquished

Notes
Turn   | Place    | Note
-------+----------+-------------------------------------------
     0 | D:1      | Naru the Hill Orc Monk began the quest for the Orb.
     0 | D:1      | Reached XP level 1. HP: 19/19 MP: 1/1
    84 | D:1      | Reached XP level 2. HP: 7/27 MP: 2/2
   584 | D:1      | Reached XP level 3. HP: 30/33 MP: 3/3
   668 | D:1      | Reached skill level 4 in Polearms
   678 | D:1      | Found a shattered altar of Ashenzari.
  1451 | D:2      | Reached XP level 4. HP: 40/40 MP: 4/4
  2257 | D:2      | Found a basalt altar of Yredelemnul.
  2874 | D:3      | Became a worshipper of Beogh the Brigand
  2874 | D:3      | Reached * piety under Beogh
  2874 | D:3      | Reached ** piety under Beogh
  2913 | D:3      | Reached skill level 5 in Polearms
  2925 | D:3      | Noticed Terence
  2938 | D:3      | Killed Terence
  3008 | D:3      | Reached XP level 5. HP: 47/47 MP: 5/5
  3593 | D:4      | Found Okeusel's Book Boutique.
  3650 | D:4      | Killed from afar by an orc priest

Skill      XL: |  1  2  3  4 |
---------------+-------------+-----
Fighting       | 4 |  4.9
Polearms       | 4 5 |  5.6
Slings         | |  0.9
Dodging        | |  2.8
Stealth        | |  1.5

Action                   |  1- 3 |  4- 6 || total
-------------------------+-------+-------++-------
Melee: Spear             |   218 |   154 ||   372
       Trident           |       |    70 ||    70
Throw: Stone             |     3 |       ||     3
Invok: Convert to Beogh  |       |     1 ||     1
  Eat: Chunk             |     2 |     7 ||     9
Armor: Robe              |    18 |       ||    18
       Ring mail         |     2 |       ||     2
       Chain mail        |    56 |   110 ||   166
Dodge: Dodged            |   118 |    62 ||   180
